 Dungeon Crawl Stone Soup version 0.31-a0-833-gc15d34cb79 (webtiles) character file.

Game seed: 14874809722189974502

27 Kurtz the Chopper (level 3, -3/26 HPs)
             Began as an Octopode Fighter on Sept 25, 2023.
             Slain by Robin
             ... wielding a +0 club
              (6 damage)
             ... on level 2 of the Dungeon.
             The game lasted 00:00:43 (1100 turns).

Kurtz the Chopper (Octopode Fighter)                Turns: 1100, Time: 00:00:44

Health: -3/26      AC:  1    Str: 17    XL:     3   Next: 10%
Magic:  3/3        EV: 13    Int: 10    God:
Gold:   32         SH:  4    Dex: 11    Spells: 2/2 levels left

rFire   . . .        a - +0 war axe
rCold   . . .        b - +0 buckler
rNeg    . . .        (helmet restricted)
rPois   .            (no amulet)
rElec   .            (no ring)
rCorr   .            (no ring)
SInv    .            (no ring)
Will    .....        (no ring)
Stlth   ++           (no ring)
HPRegen 0.24/turn    (no ring)
MPRegen 0.08/turn    (no ring)
                     (no ring)

%: no passive effects
@: no status effects
A: almost no armour, amphibious, 8 rings, camouflage 1, gelatinous body 1,
(nimble swimmer 1), tentacles
a: no special abilities


You were on level 2 of the Dungeon.
You visited 1 branch of the dungeon, and saw 2 of its levels.

You collected 32 gold pieces.

Inventory:

Hand Weapons
 a - a +0 war axe (weapon)
Missiles
 g - 6 poisoned darts
Armour
 b - a +0 buckler (worn)
Scrolls
 f - a scroll of identify {unknown}
Potions
 c - a potion of might
 d - 3 potions of curing {unknown}
 e - a potion of degeneration {unknown}


   Skills:
 - Level 3.0 Fighting
 * Level 3.5 Axes
 - Level 3.0 Dodging
 - Level 3.0 Shields


You had 2 spell levels left.
You didn't know any spells.
Your spell library was empty.

Dungeon Overview and Level Annotations

Branches:
Dungeon (2/15)

Altars:

Annotations:
D:2 Robin


Innate Abilities, Weirdness & Mutations

You cannot wear most types of armour.
You are amphibious.
You can wear up to eight rings at the same time.
Your skin changes colour to match your surroundings (Stealth+).
Your rubbery body absorbs attacks. (AC +1, EV +1)
((You are camouflaged when in or above water. (Stealth+)))
You have tentacles for arms and can constrict up to eight enemies at once.


Message History

The goblin hits you with a +0 club.
Unknown command.
You closely miss the goblin. You grab the goblin.
You closely miss the goblin. x2
You constrict the goblin.
You kill the goblin!
The goblin hits you but does no damage. The goblin hits you with a +0 club.
Unknown command.
You hit the goblin.
You kill the goblin!
You barely miss the goblin. You block the goblin's attack.
Robin zaps a wand.
The puff of flame hits you!
You are too injured to fight recklessly!
Unknown command.
You are too injured to fight recklessly!
Unknown command.
You are too injured to fight recklessly!
You are too injured to fight recklessly!
Unknown command.
You are too injured to fight recklessly!
You slash the goblin!
You kill the goblin!
You hit Robin but do no damage. You grab Robin.
You squeeze Robin, but do no damage. You constrict Robin, but do no damage.
Robin hits you with a +0 club.
* * * LOW HITPOINT WARNING * * *
Unknown command.
You hit Robin.
Robin is lightly wounded.
You constrict Robin. Robin completely misses you.
A hobgoblin comes into view.
The hobgoblin shouts!
You hit Robin but do no damage. You squeeze Robin.
Robin is heavily wounded.
You constrict Robin.
You hear a shout! x3
Robin hits you with a +0 club.
* * * LOW HITPOINT WARNING * * *
Robin hits you with a +0 club.
You die...
Robin says, "And that's why I'm the boss."

## #. #. #g .#
#g ##.# ###.
...#
#...####.#.#
#...g@g....#
#...))....##
###..........#
#.........#.##
##..#?....<..#
.....#.#..###.#
.### #..... #
###.### #..


You could see Robin and a hobgoblin.

Vanquished Creatures
  A bat (D:1)
  An endoplasm (D:1)
  A giant cockroach (D:1)
  8 goblins
  4 hobgoblins
  A quokka (D:1)
  A ball python (D:1)
  3 frilled lizards (D:1)
  2 kobolds (D:1)
  3 rats (D:1)
25 creatures vanquished.

Notes
Turn   | Place    | Note
-------+----------+-------------------------------------------
     0 | D:1      | Kurtz the Octopode Fighter began the quest for the Orb.
     0 | D:1      | Reached XP level 1. HP: 16/16 MP: 1/1
   166 | D:1      | Reached XP level 2. HP: 14/21 MP: 2/2
   171 | D:1      | HP: 1/21 [hobgoblin/+0 club (2)]
  1091 | D:2      | Reached XP level 3. HP: 26/26 MP: 3/3
  1091 | D:2      | Noticed Robin
  1100 | D:2      | Slain by Robin

Illustrated notes

Levels and vault maps discovered:
D:1:      mrwooster_arrival_statue, layout_basic, minmay_tall_x
D:2:      layout_basic, basic_altar, shapermc_ecumenical_altar_acropolis,
          uniq_sigmund, uniq_robin

Skill      XL: |  1  2 |
---------------+-------+-----
Axes           | 3 |  3.5
Fighting       | |  3.0
Dodging        | |  3.0
Shields        | |  3.0

Action                     || total
---------------------------++-------
  Melee: War axe           ||    43
         Constrict         ||    13
         Tentacles         ||    10
   Stab: Sleeping          ||     6
 Armour: Skin              ||    24
  Dodge: Dodged            ||    14
  Block: Buckler           ||     3

Table legend: (Time is in decaauts)
 A = Elapsed time spent in this place.
 B = Non-inter-level travel time spent in this place.
 C = Inter-level travel time spent in this place.
 D = Time resting spent in this place.
 E = Time spent auto-exploring this place.
 F = Levels seen in this place.
 G = Mean time per level.
                   A        B        C        D        E       F      G
               +--------+--------+--------+--------+--------+-----+--------+
         Total |   1116 |   1038 |     78 |     85 |    805 |   2 |  558.0 |
       Dungeon |   1116 |   1038 |     78 |     85 |    805 |   2 |  558.0 |
               +--------+--------+--------+--------+--------+-----+--------+

Top non-repeatable levels by time:
     D:1: 1097 daAuts
     D:2: 18 daAuts
